 Dungeon Crawl Stone Soup version 0.23-a0-584-g44dd78f (webtiles) character file.

13 zishaf the Insei (level 2, 0/21 HPs)
             Began as a Demonspawn Transmuter on Dec 18, 2018.
             Slain by a frilled lizard (1 damage)
             ... on level 1 of the Dungeon.
             The game lasted 00:00:53 (402 turns).

zishaf the Insei (Demonspawn Transmuter)             Turns: 402, Time: 00:00:53

Health: 0/21       AC:  2    Str: 10    XL:     2   Next: 24%
Magic:  4/5        EV: 12    Int: 14    God:
Gold:   5          SH:  0    Dex: 13    Spells: 4/5 levels left

rFire    . . .     SeeInvis .     - Unarmed
rCold    . . .     Gourm    .   (no shield)
rNeg     . . .     Faith    .   b - +0 robe
rPois    .         Spirit   .   (no helmet)
rElec    .         Reflect  .   (no cloak)
rCorr    .         Harm     .   (no gloves)
MR       .....                  (no boots)
Stlth    +.........             (no amulet)
HPRegen  0.07/turn              (no ring)
MPRegen  0.09/turn              (no ring)

@: appendage (expiring)
A: horns 2, spiny 1
a: End Transformation


You were on level 1 of the Dungeon.
You were not hungry.
You had grown temporary horns.
You visited 1 branch of the dungeon, and saw 1 of its levels.

You collected 5 gold pieces.

Inventory:

Missiles
 a - 12 arrows
Armour
 b - a +0 robe (worn)
Scrolls
 e - a scroll of remove curse {unknown}
Comestibles
 c - 7 chunks of flesh
 d - a ration


   Skills:
 + Level 1.3 Fighting
 + Level 2.0 Dodging
 + Level 2.8 Unarmed Combat
 - Level 2.0 Spellcasting
 * Level 2.2 Transmutations


You had 4 spell levels left.
You knew the following spells:

 Your Spells              Type           Power        Failure   Level  Hunger
a - Beastly Appendage     Tmut           #.....       10%         1    ##.....

Your spell library contained the following spells:

 Spells                   Type           Power        Failure   Level  Hunger
 Sticks to Snakes         Tmut           #.......     14%         2    ###....
 Spider Form              Tmut/Pois      #.........   41%         3    ####...
 Ice Form                 Ice/Tmut       #.......     83%         4    #####..
 Blade Hands              Tmut           #.........   95%         5    ######.


Dungeon Overview and Level Annotations

Branches:
Dungeon (1/15)

Altars:


Innate Abilities, Weirdness & Mutations

You are partially covered in sharp spines.
You have a pair of horns on your head.


Message History

The jackal barely misses you.
You barely miss the jackal.
The jackal is moderately wounded.
The jackal is struck by your spines. The jackal bites you.
* * * LOW HITPOINT WARNING * * *
You hit the jackal.
You kill the jackal!
Your Dodging skill increases to level 2!
The frilled lizard hisses.
You closely miss the jackal. Your headbutt misses the jackal.
The jackal barely misses you.
You hit the jackal.
The jackal is heavily wounded.
The jackal misses you. The jackal is struck by your spines.
The jackal closely misses you.
You hit the jackal.
You kill the jackal!
You hit the frilled lizard but do no damage.
The frilled lizard bites you.
You die...

#......... #. #.......$.
#.# #######...... #.#
#............ #.#
#....l..####. #.#
#.......# #.# #.......#
#.###########.......#
#>......@lK............
##รท#########.).......)##
#.......# #....#####.#
#.......# #....# #.#
#.......# #....# #.#
#.....).########## #.##
#................# #...
################.# #..#
#.# #..#


You could see a kobold and a frilled lizard.

Vanquished Creatures
  2 hobgoblins (D:1)
  2 jackals (D:1)
  A kobold (D:1)
  2 bats (D:1)
  3 goblins (D:1)
  A rat (D:1)
11 creatures vanquished.

Notes
Turn   | Place    | Note
-------+----------+-------------------------------------------
     0 | D:1      | zishaf the Demonspawn Transmuter began the quest for the
                  | Orb.
     0 | D:1      | Reached XP level 1. HP: 15/15 MP: 3/3
   275 | D:1      | Gained mutation: You are partially covered in sharp spines.
                  | [demonic ancestry]
   275 | D:1      | Reached XP level 2. HP: 14/21 MP: 3/5
   397 | D:1      | HP: 1/21 [jackal (1)]
   402 | D:1      | Slain by a frilled lizard

Vault maps used:
D:1:      nicolae_arrival_memento_mori

Skill      XL: |  1  2 |
---------------+-------+-----
Transmutations | 2 |  2.2
Dodging        | 2 |  2.0
Fighting       | |  1.3
Unarmed Combat | |  2.8
Spellcasting   | |  2.0

Action                   || total
-------------------------++-------
Melee: Unarmed           ||    29
       Headbutt          ||     3
 Cast: Beastly Appendage ||     5
 Stab: Distracted        ||     1
       Sleeping          ||     1
Armor: Robe              ||     4
Dodge: Dodged            ||    25

Table legend:
 A = Non-vault XP
 B = Vault XP
 C = Vault XP percentage of total XP
 D = Non-vault monster count
 E = Vault monster count
 F = Vault count percentage of total count
                 A         B        C        D         E       F
            +---------+---------+-------+---------+---------+-------
      Total |      19 |       0 |   0.0 |      11 |       0 |   0.0
            +---------+---------+-------+---------+---------+-------
        D:1 |      19 |       0 |   0.0 |      11 |       0 |   0.0
            +---------+---------+-------+---------+---------+-------
